 Dungeon Crawl Stone Soup version 0.29.1-2-gbd0b4ee654 (webtiles) character file.

Game seed: 8908146843929044195

36 Goreval the Vexing (level 3, -5/16 HPs)
             Began as a Vampire Enchanter on Nov 16, 2022.
             Slain by an orc
             ... wielding a +0 flail
              (6 damage)
             ... on level 2 of the Dungeon.
             The game lasted 00:02:44 (1305 turns).

Goreval the Vexing (Vampire Enchanter)              Turns: 1305, Time: 00:02:44

Health: -5/16      AC:  2    Str:  7    XL:     3   Next: 19%
Magic:  0/6        EV: 12    Int: 19    God:
Gold:   73         SH:  0    Dex: 14    Spells: 4/6 levels left

rFire   . . .      SeeInvis +   a - +1 dagger
rCold   + + .      Faith    .   (no shield)
rNeg    + + +      Spirit   .   b - +0 robe
rPois   ∞          Reflect  .   (no helmet)
rElec   .          Harm     .   (no cloak)
rCorr   .          Rampage  .   (no gloves)
Will    .....                   (no boots)
Stlth   +++++.....              (no amulet)
HPRegen 0.00/turn               (no ring)
MPRegen 0.10/turn               (no ring)

@: very slightly contaminated, bloodless, inhibited regen
A: bloodless, fangs 3, see invisible, vampiric 2, [frail 1]
a: Bat Form, Revivify


You were on level 2 of the Dungeon.
You visited 1 branch of the dungeon, and saw 2 of its levels.

You collected 73 gold pieces.

Inventory:

Hand Weapons
 a - a +1 dagger (weapon)
Missiles
 d - 8 stones
Armour
 b - a +0 robe (worn)
Scrolls
 f - a scroll of poison {unknown}
 g - 4 scrolls of identify {unknown}
 j - a scroll of enchant weapon {unknown}
Potions
 c - 2 potions of invisibility
 e - 2 potions of degeneration {unknown}
 h - 2 potions of haste {unknown}
 i - 2 potions of cancellation {unknown}
 k - a potion of curing {unknown}
 l - a potion of lignification {unknown}
 m - a potion of flight {unknown}


   Skills:
 * Level 2.1 Short Blades
 - Level 2.1 Dodging
 + Level 4.9 Stealth
 + Level 2.2 Spellcasting
 * Level 5.1 Hexes


You had 4 spell levels left.
You knew the following spells:

 Your Spells              Type           Power      Damage    Failure   Level
a - Ensorcelled Hibernat  Hex/Ice        22%        N/A       9%          2

Your spell library contained the following spells:

 Spells                   Type           Power      Damage    Failure   Level
 Confusing Touch          Hex            21%        N/A       6%          3
 Tukima's Dance           Hex            21%        N/A       6%          3
 Dazzling Flash           Conj/Hex       22%        N/A       17%         3


Dungeon Overview and Level Annotations

Branches:
Dungeon (2/15)

Altars:


Innate Abilities, Weirdness & Mutations

You do not regenerate when monsters are visible.
You are frail without blood (-20% HP).
You can heal yourself when you bite living creatures.
You are immune to poison.
You have razor-sharp teeth.
You have supernaturally acute eyesight. (SInv)
You are afflicted with vampirism and can become a bat while bloodless.
[You are frail. (-10% HP)]


Message History

You start resting.
You start resting.
An orc wizard is nearby!
An orc wizard is nearby!
A bat comes into view.
Aim: a bat (chance to affect: 62%)
The bat looks drowsy...
The helpless bat fails to defend itself.
You bite the bat, and draw its blood!
You feel better.
You impale the bat!!
You kill the bat!
You start resting.
There is a stone staircase leading up here.
Things that are here:
a +0 flail; 3 boomerangs; a +0 leather armour Unknown command.
Search for what [? for help]? armor Throw: 9 stones
Aim: an orc, wielding a +0 flail and wearing a +0 scale mail (wandering, hasn't noticed you, 61% to hit)
You throw a stone. The stone closely misses the orc.
The orc shouts!
You hear a shout!
There is a stone staircase leading up here.
The orc wizard gestures at you while chanting.
You resist with some effort.
Aim: an orc, wielding a +0 flail and wearing a +0 scale mail (chance to affect: 62%)
The orc resists with significant effort.
The endoplasm quivers.
The orc hits you with a +0 flail!
Aim: an orc, wielding a +0 flail and wearing a +0 scale mail (chance to affect: 62%)
The orc resists with significant effort.
The orc barely misses you.
The orc wizard gestures at you while chanting.
The magic dart hits you!
Ouch! That really hurt!
* * * LOW HITPOINT WARNING * * *
Aim: an orc, wielding a +0 flail and wearing a +0 scale mail (chance to affect: 62%)
You miscast Ensorcelled Hibernation.
You are very lightly contaminated with residual magic.
Nothing appears to happen.
The orc hits you with a +0 flail.
You die...

#..... #.... ...#.#
#. #..... #.#.#
...##.######.
#.#.####...###.......
o#.....J.# #.......
.....o..# #.......
#######.......##
#.......
...............#
#....... # #o......#
#....[..
#.######@†.....#
#.......
####...†..........#
#.......
........####......# .
#.##..### #......# #.
#......# # #......#
#....?.# #........
#........


You could see an orc wizard, an orc and an endoplasm.

Vanquished Creatures
  A worm (D:2)
  2 dart slugs
  2 orcs (D:2)
  An endoplasm (D:2)
  2 goblins (D:1)
  4 hobgoblins
  3 jackals (D:2)
  3 ball pythons (D:1)
  5 bats
  A frilled lizard (D:1)
  A rat (D:2)
25 creatures vanquished.

Notes
Turn   | Place    | Note
-------+----------+-------------------------------------------
     0 | D:1      | Goreval the Vampire Enchanter began the quest for the Orb.
     0 | D:1      | Reached XP level 1. HP: 13/13 MP: 3/3
   276 | D:1      | Reached XP level 2. HP: 13/17 MP: 5/5
   279 | D:1      | Learned a level 2 spell: Ensorcelled Hibernation
   829 | D:2      | Reached skill level 5 in Hexes
   916 | D:2      | Gained mutation: You are afflicted with vampirism and can
                  | become a bat while bloodless. [Vampire growth]
   916 | D:2      | Reached XP level 3. HP: 16/16 MP: 3/6
  1305 | D:2      | Slain by an orc

Illustrated notes

Levels and vault maps discovered:
D:1:      zelgadis_glass_arrival_small, layout_rooms
D:2:      layout_basic, basic_altar, hellmonk_ecumenical_altar_blasted,
          st_stairs_5

Skill      XL: |  1  2 |
---------------+-------+-----
Short Blades   | 2 |  2.1
Hexes          | 5 |  5.1
Dodging        | |  2.1
Stealth        | |  4.9
Spellcasting   | |  2.2

Action                   || total
-------------------------++-------
Melee: Dagger            ||    56
       Bite              ||     6
Throw: Stone             ||     3
 Cast: Ensorcelled Hiber ||    12
 Abil: Exsanguinate      ||     2
       Revivify          ||     1
 Stab: Sleeping          ||    12
Armor: Robe              ||    15
Dodge: Dodged            ||    41
